 Dungeon Crawl Stone Soup version 0.24.0-13-gcf9b319 (webtiles) character file.

Game seed: 2509014004276306606, levelgen mode: deterministic

126 Bronimir the Bolt Thrower (level 4, -5/40 HPs)
             Began as a Deep Dwarf Hunter on Mar 19, 2020.
             Killed from afar by Ijyb (16 damage)
             ... with a bolt of acid
             ... on level 3 of the Dungeon.
             The game lasted 00:05:29 (2266 turns).

Bronimir the Bolt Thrower (Deep Dwarf Hunter)       Turns: 2266, Time: 00:05:29

Health: -5/40      AC:  4    Str: 17    XL:     4   Next: 84%
Magic:  4/4        EV: 12    Int:  8    God:
Gold:   118        SH:  0    Dex: 13    Spells: 3/3 levels left

rFire    . . .     SeeInvis .   a - +1 hand crossbow
rCold    . . .     Gourm    .   (no shield)
rNeg     . . .     Faith    .   c - +0 leather armour
rPois    .         Spirit   .   r - +1 hat
rElec    .         Reflect  .   (no cloak)
rCorr    .         Harm     .   (no gloves)
MR       .....                  (no boots)
Stlth    +.........             (no amulet)
HPRegen  0.00/turn              y - -3 ring of intelligence (curse)
MPRegen  0.09/turn              (no ring)

@: non-regenerating
A: damage resistance, heal wounds, sense surroundings 1, no regeneration
a: Heal Wounds


You were on level 3 of the Dungeon.
You were not hungry.

You visited 1 branch of the dungeon, and saw 3 of its levels.

You collected 118 gold pieces.

Inventory:

Hand Weapons
 a - a +1 hand crossbow (weapon)
 b - a +0 hand axe
 e - a +0 spear
 k - a +0 club
 m - a +0 short sword
Missiles
 d - 23 bolts (quivered)
 i - 24 arrows
 t - 11 poisoned darts
Armour
 c - a +0 leather armour (worn)
 r - a +1 hat (worn)
Jewellery
 y - a cursed -3 ring of intelligence (left hand)
Wands
 w - a wand of acid (9)
Scrolls
 g - 6 scrolls of remove curse {unknown}
 h - a scroll of noise {unknown}
 o - a scroll of enchant weapon {unknown}
 q - a scroll of identify {unknown}
 s - 2 scrolls of enchant armour {unknown}
 u - a scroll of random uselessness {unknown}
Potions
 j - a potion of lignification {unknown}
 l - a potion of degeneration {unknown}
 n - 3 potions of flight {unknown}
 p - 2 potions of curing {unknown}
 v - a potion of heal wounds {unknown}
Comestibles
 f - 4 rations
 x - a chunk of flesh


   Skills:
 + Level 2.4 Fighting
 + Level 0.1 Axes
 + Level 5.8 Crossbows
 * Level 1.9 Armour
 + Level 2.7 Dodging
 - Level 1.3 Stealth


You had 3 spell levels left.
You didn't know any spells.
Your spell library was empty.

Dungeon Overview and Level Annotations

Branches:
Dungeon (3/15)

Altars:
Dithmenos
Hepliaklqana
Vehumet
Wu Jian

Annotations:
D:3 Ijyb


Innate Abilities, Weirdness & Mutations

You are resistant to damage.
You can heal yourself by infusing magical energy.
You passively map a small area around you.
You do not regenerate.


Message History

Firing (i - inventory. (/) - cycle)
d - 26 bolts (quivered)
Press: ? - help, Shift-Dir - straight line, f/p - Ijyb
Aim: Ijyb, wielding a +0 dagger, wearing a +0 ring mail and carrying a wand of acid (5)
You shoot a bolt. The bolt hits Ijyb.
Ijyb is lightly wounded.
Firing (i - inventory. (/) - cycle)
d - 25 bolts (quivered)
Press: ? - help, Shift-Dir - straight line, f/p - Ijyb
Aim: Ijyb, wielding a +0 dagger, wearing a +0 ring mail and carrying a wand of acid (5) (lightly wounded)
You shoot a bolt. The bolt hits Ijyb but does no damage.
Ijyb is lightly wounded.
Ijyb hits you but does no damage. Ijyb hits you with a +0 dagger.
* * * LOW HITPOINT WARNING * * *
Firing (i - inventory. (/) - cycle)
d - 24 bolts (quivered)
Press: ? - help, Shift-Dir - straight line, f/p - Ijyb
Aim: Ijyb, wielding a +0 dagger, wearing a +0 ring mail and carrying a wand of acid (5) (lightly wounded)
You shoot a bolt. The bolt hits Ijyb!
Ijyb is severely wounded.
Ijyb screams, "You nasty!
Big nasty!"
Ijyb zaps a wand.
The bolt of acid hits you!!
You die...

### ###############
..###....>......@.#
...##.###########g#
#.#....##### (#
...........### (#
###....#####_# *(#
.#..#.## ##.## .#
#.#.#.# #...# .# *
* *
....#.#####...##
..,
#.#.#....#.....#, *
#.#


You could see Ijyb.

Vanquished Creatures
  A crimson imp (D:2)
  2 adders
  3 dart slugs (D:2)
  2 leopard geckos (D:1)
  7 bats
  4 giant cockroaches
  8 goblins
  5 hobgoblins
  9 jackals (D:1)
  A quokka (D:2)
  A ball python (D:2)
  4 frilled lizards
  6 kobolds
  8 rats
61 creatures vanquished.

Notes
Turn   | Place    | Note
-------+----------+-------------------------------------------
     0 | D:1      | Bronimir the Deep Dwarf Hunter began the quest for the Orb.
     0 | D:1      | Reached XP level 1. HP: 19/19 MP: 1/1
   256 | D:1      | Reached XP level 2. HP: 23/26 MP: 2/2
   267 | D:1      | Reached skill level 5 in Crossbows
   664 | D:1      | Reached XP level 3. HP: 26/32 MP: 3/3
  1067 | D:1      | Reached skill level 1 in Armour
  1239 | D:2      | Reached XP level 4. HP: 16/39 MP: 4/4
  1434 | D:2      | Found a hazy altar of Hepliaklqana.
  2109 | D:3      | Found a radiant altar of Vehumet.
  2113 | D:3      | Found an ornate altar of the Wu Jian Council.
  2121 | D:3      | Found a shadowy altar of Dithmenos.
  2260 | D:3      | Noticed Ijyb
  2266 | D:3      | Killed from afar by Ijyb

Levels and vault maps discovered:
D:1:      dpeg_arrival_concentric_ovals, layout_basic
D:2:      layout_rooms, marbit_many_paths, first_ration
D:3:      layout_loops_ring, minmay_overflow_temple_star_quad, uniq_ijyb

Skill      XL: |  1  2  3 |
---------------+----------+-----
Crossbows      | 5 |  5.8
Armour         | 1 |  1.9
Fighting       | 2 |  2.4
Axes           | |  0.1
Dodging        | |  2.7
Stealth        | |  1.3

Action                   |  1- 3 |  4- 6 || total
-------------------------+-------+-------++-------
Melee: Club              |    24 |       ||    24
       Hand axe          |       |    39 ||    39
 Fire: Hand crossbow     |    84 |    23 ||   107
 Stab: Sleeping          |     1 |       ||     1
  Eat: Chunk             |     1 |     3 ||     4
Armor: Leather armour    |    32 |    15 ||    47
Dodge: Dodged            |    92 |    30 ||   122
